 Dungeon Crawl Stone Soup version 0.29.1-15-g9cfb28693d (webtiles) character file.

Game seed: 17173672001663730436

25 Jase the Sneak (level 3, -1/24 HPs)
             Began as an Octopode Brigand on Apr 24, 2023.
             Slain by Sigmund
             ... wielding a +0 scythe
              (3 damage)
             ... on level 2 of the Dungeon.
             The game lasted 00:03:12 (758 turns).

Jase the Sneak (Octopode Brigand)                    Turns: 758, Time: 00:03:12

Health: -1/24      AC:  1    Str: 10    XL:     3   Next: 6%
Magic:  0/3        EV: 13    Int: 15    God:
Gold:   44         SH:  0    Dex: 13    Spells: 2/2 levels left

rFire   . . .      SeeInvis .   a - +2 dagger (elec)
rCold   . . .      Faith    .   (no shield)
rNeg    . . .      Spirit   +   (helmet restricted)
rPois   .          Reflect  .   j - amulet of guardian spirit
rElec   .          Harm     .   (no ring)
rCorr   .          Rampage  .   (no ring)
Will    .....                   (no ring)
Stlth   ++++......              (no ring)
HPRegen 0.08/turn               (no ring)
MPRegen 0.08/turn               (no ring)
                                (no ring)
                                (no ring)

@: no status effects
A: almost no armour, amphibious, 8 rings, camouflage 1, gelatinous body 1,
(nimble swimmer 1), tentacles
a: no special abilities


You were on level 2 of the Dungeon.
You visited 1 branch of the dungeon, and saw 2 of its levels.

You collected 44 gold pieces.

Inventory:

Hand Weapons
 a - a +2 dagger of electrocution (weapon)
Missiles
 b - 9 poisoned darts (quivered)
 c - 3 curare-tipped darts
Jewellery
 j - an amulet of guardian spirit (around mantle)
Scrolls
 d - a scroll of immolation {unknown}
 e - a scroll of butterflies {unknown}
 f - 3 scrolls of magic mapping {unknown}
 k - a scroll of amnesia {unknown}
 l - a scroll of identify {unknown}
 m - a scroll of brand weapon {unknown}
Potions
 g - a potion of brilliance {unknown}
 h - 3 potions of mutation {unknown}
 i - a potion of heal wounds {unknown}


   Skills:
 - Level 2.0 Fighting
 * Level 2.8 Short Blades
 - Level 2.0 Throwing
 + Level 1.6 Dodging
 + Level 5.6 Stealth


You had 2 spell levels left.
You didn't know any spells.
Your spell library contained the following spells:

 Spells                   Type           Power      Damage    Failure   Level
 Gell's Gravitas          Tloc           0%         N/A       63%         3
 Lesser Beckoning         Tloc           0%         N/A       63%         3
 Teleport Other           Tloc           0%         N/A       63%         3


Dungeon Overview and Level Annotations

Branches:
Dungeon (2/15)

Altars:

Annotations:
D:2 Sigmund


Innate Abilities, Weirdness & Mutations

You cannot wear most types of armour.
You are amphibious.
You can wear up to eight rings at the same time.
Your skin changes colour to match your surroundings (Stealth+).
Your rubbery body absorbs attacks. (AC +1, EV +1)
((You are camouflaged when in or above water. (Stealth+)))
You have tentacles for arms and can constrict up to eight enemies at once.


Message History

Your squeeze misses the kobold.
The kobold is moderately wounded.
The kobold closely misses you.
You closely miss the kobold. You grab the kobold.
Your squeeze misses the kobold.
The kobold is moderately wounded.
You constrict the kobold, but do no damage.
The kobold hits you with a +0 whip.
You hit the kobold.
You kill the kobold!
No target in view!
No target in view!
HP restored.
Found a rapier.
You see here a +0 dagger.
You see here a +0 rapier.
n - a +0 rapier Setting a skill training target for Short Blades at 14.0.
You drop a +0 rapier.
Sigmund the Dreaded comes into view.
He is wielding a +0 scythe.
Sigmund shouts!
Okay, then.
Okay, then.
You aren't carrying any items that you can evoke.
Unknown command.
Unknown command.
Sigmund hits you from afar with a +0 scythe.
You closely miss Sigmund. Your grab misses Sigmund.
Your tentacle-slap misses Sigmund.
Sigmund hits you with a +0 scythe!
You hit Sigmund. Your grab misses Sigmund.
Sigmund is lightly wounded.
Sigmund hits you with a +0 scythe!
* * * LOW HITPOINT WARNING * * *
You hit Sigmund but do no damage. Your grab misses Sigmund.
Sigmund is lightly wounded.
You hit Sigmund but do no damage. You grab Sigmund.
Sigmund is lightly wounded.
You constrict Sigmund, but do no damage.
Sigmund hits you with a +0 scythe.
You die...

## .# ###.# . ....# #
..#.#.#####...#.#
....#.#...#.#.#.#
#####...........@@...#
......#.##.#.......###
......# .. #.#......#
......######.....##.#
............##.#....#
.....###.....).#.####
......)........#.#
#####.)..........#
#....#########


You could see Sigmund.

Vanquished Creatures
  5 goblins (D:1)
  4 hobgoblins
  A quokka (D:1)
  2 ball pythons (D:1)
  3 bats (D:1)
  4 frilled lizards (D:1)
  A kobold (D:2)
  4 rats (D:1)
24 creatures vanquished.

Notes
Turn   | Place    | Note
-------+----------+-------------------------------------------
     0 | D:1      | Jase the Octopode Brigand began the quest for the Orb.
     0 | D:1      | Reached XP level 1. HP: 14/14 MP: 1/1
   142 | D:1      | Reached XP level 2. HP: 19/19 MP: 2/2
   638 | D:1      | Reached XP level 3. HP: 24/24 MP: 3/3
   747 | D:2      | Noticed Sigmund
   756 | D:2      | HP: 1/24 [Sigmund/+0 scythe (11)]
   758 | D:2      | Slain by Sigmund

Illustrated notes

Levels and vault maps discovered:
D:1:      dpeg_arrival_tiny_d, layout_rooms
D:2:      layout_basic, hellmonk_ecumenical_altar_lost_god, uniq_sigmund

Action                   || total
-------------------------++-------
Melee: Dagger            ||    42
       Tentacles         ||     3
       Constrict         ||     7
 Stab: Sleeping          ||    11
Armor: Skin              ||     2
Dodge: Dodged            ||    14
